| TOP OF THE 1ST |
|
Ohio State University Buckeyes batting - Pitching for University of Michigan Wolverines : LHP Jose Geraldo
|
|
Pitching: LHP Jose Geraldo
|
|
|
Batting: RHB Aukukero Tairi
|
0-0: Ball 1-0: Ball 2-0: Bunt for hit to 25 - play at first, batter OUT! 5-3
|
|
Batting: RHB Rafael Reyes
|
0-0: Ball 1-0: Foul Ball, location: 2F 1-1: Foul Ball, location: 2F 1-2: Strikes out swinging
|
|
Batting: RHB Nick Holsinger
|
0-0: Called Strike 0-1: SINGLE (Flyball, 4D, EV 85.0 MPH)
|
|
Batting: RHB Joey Black
|
0-0: Called Strike 0-1: Ball 1-1: Ball 2-1: Foul Ball, location: 2F 2-2: Strikes out swinging
|
| Top of the 1st over - 0 runs, 1 hit, 0 errors, 1 left on base; Ohio State University 0 - University of Michigan 0 |
| BOTTOM OF THE 1ST |
|
University of Michigan Wolverines batting - Pitching for Ohio State University Buckeyes : RHP Gerardo Fernandez
|
|
Pitching: RHP Gerardo Fernandez
|
|
|
Batting: LHB Yasutoshi Hayashi
|
0-0: Ball 1-0: Ball 2-0: Called Strike 2-1: Swinging Strike 2-2: Ball 3-2: Ground out 6-3 (Groundball, 6M, EV 85.0 MPH)
|
|
Batting: RHB Armando Vilano
|
0-0: Foul Ball, location: 2F 0-1: Swinging Strike 0-2: Ball 1-2: Foul Ball, location: 2F 1-2: Ball 2-2: Strikes out looking
|
|
Batting: RHB Phil Reeves
|
0-0: Swinging Strike 0-1: Ground out 5-3 (Groundball, 56, EV 80.0 MPH)
|
| Bottom of the 1st over - 0 runs, 0 hits, 0 errors, 0 left on base; Ohio State University 0 - University of Michigan 0 |
| TOP OF THE 2ND |
|
Ohio State University Buckeyes batting - Pitching for University of Michigan Wolverines : LHP Jose Geraldo
|
|
Batting: RHB Xavier Castaneda
|
0-0: Called Strike 0-1: Ball 1-1: Ball 2-1: Foul Ball, location: 2F 2-2: Foul Ball, location: 2F 2-2: Ball 3-2: Fly out, F8 (Flyball, 8LS, EV 83.1 MPH)
|
|
Batting: RHB Dan Muse
|
0-0: Called Strike 0-1: Called Strike 0-2: Ball 1-2: SINGLE (Groundball, 4S, EV 66.9 MPH) (infield hit)
|
|
Batting: RHB Rick English
|
0-0: Called Strike 0-1: Ball 1-1: Swinging Strike 1-2: SINGLE (Groundball, 25, EV 67.5 MPH) (infield hit) Dan Muse to second
|
|
Batting: RHB Phil McFadden
|
0-0: Swinging Strike 0-1: Ground out 5-3 (Groundball, 56S, EV 71.2 MPH) Dan Muse to third Rick English to second
|
|
Batting: RHB Aaron Bateman
|
0-0: Ground out 3-1 (Groundball, 13, EV 84.4 MPH)
|
| Top of the 2nd over - 0 runs, 2 hits, 0 errors, 2 left on base; Ohio State University 0 - University of Michigan 0 |
| BOTTOM OF THE 2ND |
|
University of Michigan Wolverines batting - Pitching for Ohio State University Buckeyes : RHP Gerardo Fernandez
|
|
Batting: LHB Mark Backstrom
|
0-0: Ground out 3-1 (Groundball, 34, EV 91.9 MPH)
|
|
Batting: RHB Tim Cordle
|
0-0: Called Strike 0-1: Ball 1-1: Ground out U3 (Groundball, 3L, EV 105.0 MPH)
|
|
Batting: RHB Cesar Martinez
|
0-0: Called Strike 0-1: Ball 1-1: Ball 2-1: Ball 3-1: Called Strike 3-2: Foul Ball, location: 2F 3-2: Fly out, F9 (Flyball, 9D, EV 103.1 MPH)
|
| Bottom of the 2nd over - 0 runs, 0 hits, 0 errors, 0 left on base; Ohio State University 0 - University of Michigan 0 |
| TOP OF THE 3RD |
|
Ohio State University Buckeyes batting - Pitching for University of Michigan Wolverines : LHP Jose Geraldo
|
|
Batting: RHB Aukukero Tairi
|
0-0: Ball 1-0: Ball 2-0: Fly out, F4 (Popup, 34, EV 70.6 MPH)
|
|
Batting: RHB Rafael Reyes
|
0-0: Foul Ball, location: 2F 0-1: Ball 1-1: Ball 2-1: Ball 3-1: Ground out 4-3 (Groundball, 4, EV 88.8 MPH)
|
|
Batting: RHB Nick Holsinger
|
0-0: Swinging Strike 0-1: Ball 1-1: Foul Ball, location: 2F 1-2: SINGLE (Groundball, 56D, EV 103.8 MPH)
|
|
Batting: RHB Joey Black
|
0-0: Foul Ball, location: 2F 0-1: Swinging Strike 0-2: Ball 1-2: Fly out, F4 (Popup, 23, EV 88.8 MPH)
|
| Top of the 3rd over - 0 runs, 1 hit, 0 errors, 1 left on base; Ohio State University 0 - University of Michigan 0 |
| BOTTOM OF THE 3RD |
|
University of Michigan Wolverines batting - Pitching for Ohio State University Buckeyes : RHP Gerardo Fernandez
|
|
Batting: LHB Greg Reedy
|
0-0: Ball 1-0: Foul Ball, location: 2F 1-1: Foul Ball, location: 2F 1-2: Foul Ball, location: 2F 1-2: Ball 2-2: Foul Ball, location: 2F 2-2: Ball 3-2: Foul Ball, location: 2F 3-2: DOUBLE (Flyball, 78D, EV 95.0 MPH)
|
|
Batting: RHB Juan Zamora
|
0-0: Called Strike 0-1: Ball 1-1: Foul Ball, location: 2F 1-2: Foul Ball, location: 2F 1-2: Ball 2-2: Strikes out swinging
|
|
Batting: SHB Bill Ertl
|
0-0: Ball 1-0: Called Strike 1-1: Ball 2-1: Ball 3-1: Foul Ball, location: 2F 3-2: Fly out, F9 (Line Drive, 9D, EV 86.2 MPH)
|
|
Batting: LHB Yasutoshi Hayashi
|
0-0: Swinging Strike 0-1: Foul Ball, location: 2F 0-2: Ball 1-2: Ball 2-2: Foul Ball, location: 2F 2-2: Ground out 4-3 (Groundball, 4D, EV 93.1 MPH)
|
| Bottom of the 3rd over - 0 runs, 1 hit, 0 errors, 1 left on base; Ohio State University 0 - University of Michigan 0 |
| TOP OF THE 4TH |
|
Ohio State University Buckeyes batting - Pitching for University of Michigan Wolverines : LHP Jose Geraldo
|
|
Batting: RHB Xavier Castaneda
|
0-0: Called Strike 0-1: Ball 1-1: Foul Ball, location: 2F 1-2: SINGLE (Line Drive, 56, EV 105.0 MPH)
|
|
Batting: RHB Dan Muse
|
0-0: Ball 1-0: Ball 2-0: Ball 3-0: Called Strike 3-1: Base on Balls Xavier Castaneda to second
|
|
Batting: RHB Rick English
|
0-0: Called Strike 0-1: Foul Ball, location: 2F 0-2: Ball 1-2: Foul Ball, location: 2F 1-2: Fly out, F8 (Flyball, 89M, EV 96.9 MPH)
|
|
Batting: RHB Phil McFadden
|
0-0: Ball 1-0: Ball 2-0: Called Strike 2-1: Foul Ball, location: 2F 2-2: Ball 3-2: Foul Ball, location: 2F 3-2: Foul Ball, location: 2F 3-2: Foul Ball, location: 2F 3-2: Ground out 6-3 (Groundball, 6S, EV 86.2 MPH) Xavier Castaneda to third Dan Muse to second
|
|
Batting: RHB Aaron Bateman
|
0-0: Ball 1-0: Ball 2-0: Foul Ball, location: 2F 2-1: Ball 3-1: Base on Balls
|
|
Pitching: RHP Guang Jue
|
|
|
Batting: RHB Aukukero Tairi
|
0-0: Called Strike 0-1: Ball 1-1: SINGLE (Groundball, 56D, EV 101.9 MPH) Xavier Castaneda scores Dan Muse to third Aaron Bateman to second Runner from 3rd tries for Home, SAFE, throw by LF to home
|
|
Batting: RHB Rafael Reyes
|
0-0: Ball 1-0: Fly out, F4 (Line Drive, 4, EV 67.5 MPH)
|
| Top of the 4th over - 2 runs, 2 hits, 0 errors, 2 left on base; Ohio State University 2 - University of Michigan 0 |
| BOTTOM OF THE 4TH |
|
University of Michigan Wolverines batting - Pitching for Ohio State University Buckeyes : RHP Gerardo Fernandez
|
|
Batting: RHB Armando Vilano
|
0-0: Foul Ball, location: 2F 0-1: Ball 1-1: Fly out, F9 (Line Drive, 9, EV 90.0 MPH)
|
|
Batting: RHB Phil Reeves
|
0-0: Ball 1-0: Called Strike 1-1: Foul Ball, location: 2F 1-2: Ball 2-2: SINGLE (Line Drive, 8RS, EV 91.9 MPH)
|
|
Batting: LHB Mark Backstrom
|
0-0: Ball Phil Reeves steals 2nd base 1-0: Ball 2-0: Foul Ball, location: 2F 2-1: Fly out, F7 (Line Drive, 7, EV 89.4 MPH)
|
|
Batting: RHB Tim Cordle
|
0-0: Called Strike 0-1: Ball 1-1: Ground out 5-3 (Groundball, 5S, EV 68.1 MPH)
|
| Bottom of the 4th over - 0 runs, 1 hit, 0 errors, 1 left on base; Ohio State University 2 - University of Michigan 0 |
| TOP OF THE 5TH |
|
Ohio State University Buckeyes batting - Pitching for University of Michigan Wolverines : RHP Guang Jue
|
|
Batting: RHB Nick Holsinger
|
0-0: Ground out 6-3 (Groundball, 6, EV 90.0 MPH)
|
|
Batting: RHB Joey Black
|
0-0: Fly out, F8 (Line Drive, 8RD, EV 109.4 MPH)
|
|
Batting: RHB Xavier Castaneda
|
0-0: Ball 1-0: Called Strike 1-1: Swinging Strike 1-2: Fly out, F8 (Flyball, 8RD, EV 90.0 MPH)
|
| Top of the 5th over - 0 runs, 0 hits, 0 errors, 0 left on base; Ohio State University 2 - University of Michigan 0 |
| BOTTOM OF THE 5TH |
|
University of Michigan Wolverines batting - Pitching for Ohio State University Buckeyes : RHP Gerardo Fernandez
|
|
Batting: RHB Cesar Martinez
|
0-0: Ball 1-0: Foul Ball, location: 2F 1-1: SOLO HOME RUN (Flyball, 7D, EV 111.2 MPH), Distance : 413 ft
|
|
Batting: LHB Greg Reedy
|
0-0: Called Strike 0-1: Foul Ball, location: 2F 0-2: Ball 1-2: Ball 2-2: Fly out, F9 (Flyball, 9D, EV 104.4 MPH)
|
|
Pitching: RHP Outa Tamura
|
|
|
Batting: RHB Juan Zamora
|
0-0: Ball 1-0: Fly out, F7 (Flyball, 78D, EV 96.9 MPH)
|
|
Batting: SHB Bill Ertl
|
0-0: Foul Ball, location: 2F 0-1: Ground out 4-3 (Groundball, 4D, EV 88.8 MPH)
|
| Bottom of the 5th over - 1 run, 1 hit, 0 errors, 0 left on base; Ohio State University 2 - University of Michigan 1 |
| TOP OF THE 6TH |
|
Ohio State University Buckeyes batting - Pitching for University of Michigan Wolverines : RHP Guang Jue
|
|
Batting: RHB Dan Muse
|
0-0: Ball 1-0: Called Strike 1-1: Ball 2-1: Ball 3-1: Base on Balls
|
|
Batting: RHB Rick English
|
0-0: Called Strike 0-1: Foul Ball, location: 2F 0-2: Strikes out looking
|
|
Batting: RHB Phil McFadden
|
0-0: Foul Ball, location: 2F 0-1: Swinging Strike 0-2: Strikes out looking
|
|
Batting: RHB Aaron Bateman
|
0-0: Ground out 4-3 (Groundball, 4S, EV 88.8 MPH)
|
| Top of the 6th over - 0 runs, 0 hits, 0 errors, 1 left on base; Ohio State University 2 - University of Michigan 1 |
| BOTTOM OF THE 6TH |
|
University of Michigan Wolverines batting - Pitching for Ohio State University Buckeyes : RHP Outa Tamura
|
|
Batting: LHB Yasutoshi Hayashi
|
0-0: Ball 1-0: Called Strike 1-1: Ball 2-1: Ball 3-1: Base on Balls
|
|
Batting: RHB Armando Vilano
|
0-0: Bunted foul 0-1: Ball 1-1: Bunt - Flyout to P! F1
|
|
Batting: RHB Phil Reeves
|
0-0: Called Strike 0-1: Ball 1-1: Foul Ball, location: 2F 1-2: Strikes out swinging
|
|
Batting: LHB Mark Backstrom
|
0-0: Called Strike 0-1: Ball 1-1: Foul Ball, location: 2F 1-2: Fielders Choice at 2nd, U4 (Groundball, 4M, EV 91.9 MPH)
|
| Bottom of the 6th over - 0 runs, 0 hits, 0 errors, 1 left on base; Ohio State University 2 - University of Michigan 1 |
| TOP OF THE 7TH |
|
Ohio State University Buckeyes batting - Pitching for University of Michigan Wolverines : RHP Guang Jue
|
|
Batting: RHB Aukukero Tairi
|
0-0: Ground out 5-3 (Groundball, 5, EV 86.2 MPH)
|
|
Batting: RHB Rafael Reyes
|
0-0: Swinging Strike 0-1: SINGLE (Groundball, 4MD, EV 99.4 MPH)
|
|
Batting: RHB Nick Holsinger
|
0-0: Ball 1-0: Ball 2-0: Called Strike 2-1: Fly out, F6 (Flyball, 6D, EV 94.4 MPH)
|
|
Batting: RHB Joey Black
|
0-0: Foul Ball, location: 2F 0-1: Foul Ball, location: 2F 0-2: Fly out, F5 (Popup, 5SF, EV 83.8 MPH)
|
| Top of the 7th over - 0 runs, 1 hit, 0 errors, 1 left on base; Ohio State University 2 - University of Michigan 1 |
| BOTTOM OF THE 7TH |
|
University of Michigan Wolverines batting - Pitching for Ohio State University Buckeyes : RHP Outa Tamura
|
|
Batting: RHB Tim Cordle
|
0-0: Ball 1-0: Hit by Pitch
|
|
Batting: RHB Cesar Martinez
|
0-0: Sac Bunt to 25 - play at second, runner OUT! 5-6
|
|
Batting: LHB Greg Reedy
|
0-0: Ball 1-0: Foul Ball, location: 2F 1-1: Swinging Strike 1-2: Ball 2-2: Foul Ball, location: 2F 2-2: Strikes out looking
|
|
Pinch Hitting: LHB Cory Bowler
|
0-0: Ball Cesar Martinez steals 2nd base 1-0: Ball 2-0: Fly out, F7 (Flyball, 7, EV 83.8 MPH)
|
| Bottom of the 7th over - 0 runs, 0 hits, 0 errors, 1 left on base; Ohio State University 2 - University of Michigan 1 |
| TOP OF THE 8TH |
|
Ohio State University Buckeyes batting - Pitching for University of Michigan Wolverines : RHP Guang Jue
|
|
Pitching: RHP John Meyer
|
|
|
Now at 2B: Cory Bowler
|
|
|
Now at SS: Armando Vilano
|
|
|
Batting: RHB Xavier Castaneda
|
0-0: Called Strike 0-1: Ground out 5-3 (Groundball, 56S, EV 79.4 MPH)
|
|
Batting: RHB Dan Muse
|
0-0: Foul Ball, location: 2F 0-1: Swinging Strike 0-2: Fly out, F7 (Line Drive, 7, EV 105.0 MPH)
|
|
Batting: RHB Rick English
|
0-0: Ball 1-0: Called Strike 1-1: Ball 2-1: Foul Ball, location: 2F 2-2: Fly out, F9 (Flyball, 9S, EV 91.2 MPH)
|
| Top of the 8th over - 0 runs, 0 hits, 0 errors, 0 left on base; Ohio State University 2 - University of Michigan 1 |
| BOTTOM OF THE 8TH |
|
University of Michigan Wolverines batting - Pitching for Ohio State University Buckeyes : RHP Outa Tamura
|
|
Pitching: RHP Dave Patenaude
|
|
|
Now at 1B: Efrem Isaev
|
|
|
Batting: SHB Bill Ertl
|
0-0: Ball 1-0: Ball 2-0: Foul Ball, location: 2F 2-1: SINGLE (Line Drive, 7LM, EV 92.5 MPH)
|
|
Batting: LHB Yasutoshi Hayashi
|
0-0: Ball 1-0: Bunt - Flyout to 3S! F3
|
|
Batting: RHB Armando Vilano
|
0-0: Foul Ball, location: 2F 0-1: Swinging Strike 0-2: Foul Ball, location: 2F 0-2: Foul Ball, location: 2F 0-2: Fly out, F7 (Flyball, 7, EV 83.1 MPH)
|
|
Batting: RHB Phil Reeves
|
0-0: Foul Ball, location: 2F 0-1: Ball 1-1: Called Strike 1-2: Strikes out swinging
|
| Bottom of the 8th over - 0 runs, 1 hit, 0 errors, 1 left on base; Ohio State University 2 - University of Michigan 1 |
| TOP OF THE 9TH |
|
Ohio State University Buckeyes batting - Pitching for University of Michigan Wolverines : RHP John Meyer
|
|
Pinch Hitting: LHB Bill Lorimer
|
0-0: Foul Ball, location: 2F 0-1: Ball 1-1: Foul Ball, location: 2F 1-2: Ground out 4-3 (Groundball, 4D, EV 92.5 MPH)
|
|
Batting: RHB Aaron Bateman
|
0-0: Ground out 6-3 (Groundball, 4MS, EV 68.1 MPH)
|
|
Batting: RHB Aukukero Tairi
|
0-0: Called Strike 0-1: Swinging Strike 0-2: Ball 1-2: Ball 2-2: Strikes out swinging
|
| Top of the 9th over - 0 runs, 0 hits, 0 errors, 0 left on base; Ohio State University 2 - University of Michigan 1 |
| BOTTOM OF THE 9TH |
|
University of Michigan Wolverines batting - Pitching for Ohio State University Buckeyes : RHP Dave Patenaude
|
|
Pitching: RHP Harold Price
|
|
|
Now at C: Alex Rivera
|
|
|
Batting: LHB Mark Backstrom
|
0-0: Called Strike 0-1: Ball 1-1: Called Strike 1-2: Foul Ball, location: 2F 1-2: Foul Ball, location: 2F 1-2: Ball 2-2: Strikes out swinging
|
|
Batting: RHB Tim Cordle
|
0-0: Ball 1-0: Ball 2-0: Ball 3-0: Called Strike 3-1: Base on Balls
|
|
Batting: RHB Cesar Martinez
|
0-0: Ball 1-0: Foul Ball, location: 2F 1-1: Foul Ball, location: 2F 1-2: Ground out 6-3 (Groundball, 6MS, EV 73.1 MPH) Tim Cordle to second
|
|
Batting: LHB Greg Reedy
|
0-0: Ball 1-0: SINGLE (Line Drive, 8RS, EV 106.2 MPH) Tim Cordle to third Runner from 3rd tries for Home, SAFE, throw by CF to home Greg Reedy to second
|
|
Batting: LHB Cory Bowler
|
0-0: Intentional Walk
|
|
Pinch Hitting: RHB Artyom Shavkunov
|
0-0: Ball 1-0: Ball 2-0: Swinging Strike 2-1: Ball 3-1: Swinging Strike 3-2: Strikes out looking
|
| Bottom of the 9th over - 1 run, 1 hit, 0 errors, 2 left on base; Ohio State University 2 - University of Michigan 2 |
| TOP OF THE 10TH |
|
Ohio State University Buckeyes batting - Pitching for University of Michigan Wolverines : RHP John Meyer
|
|
Pitching: RHP Sam Drews
|
|
|
Now at 1B: Artyom Shavkunov
|
|
|
Now at 3B: Tim Cordle
|
|
|
Pinch Hitting: LHB Jason Kinney
|
0-0: Called Strike 0-1: Foul Ball, location: 2F 0-2: Foul Ball, location: 2F 0-2: Ball 1-2: Ball 2-2: Fly out, F8 (Flyball, 8RD, EV 105.6 MPH)
|
|
Batting: LHB Efrem Isaev
|
0-0: Called Strike 0-1: Ball 1-1: Ball 2-1: Called Strike 2-2: Ball 3-2: Strikes out swinging
|
|
Batting: RHB Joey Black
|
0-0: Called Strike 0-1: Foul Ball, location: 2F 0-2: Strikes out swinging
|
| Top of the 10th over - 0 runs, 0 hits, 0 errors, 0 left on base; Ohio State University 2 - University of Michigan 2 |
| BOTTOM OF THE 10TH |
|
University of Michigan Wolverines batting - Pitching for Ohio State University Buckeyes : RHP Harold Price
|
|
Pitching: RHP Victor Padilla
|
|
|
Now at 2B: Dan Muse
|
|
|
Now at SS: Jesus Gomez
|
|
|
Batting: LHB Yasutoshi Hayashi
|
0-0: Ball 1-0: Swinging Strike 1-1: Ball 2-1: Foul Ball, location: 2F 2-2: Ball 3-2: Strikes out swinging
|
|
Batting: RHB Armando Vilano
|
0-0: Ball 1-0: Ball 2-0: Fly out, F5 (Popup, 5DF, EV 55.0 MPH)
|
|
Batting: RHB Phil Reeves
|
0-0: Swinging Strike 0-1: Fly out, F7 (Flyball, 7LD, EV 109.4 MPH)
|
| Bottom of the 10th over - 0 runs, 0 hits, 0 errors, 0 left on base; Ohio State University 2 - University of Michigan 2 |
| TOP OF THE 11TH |
|
Ohio State University Buckeyes batting - Pitching for University of Michigan Wolverines : RHP Sam Drews
|
|
Batting: RHB Xavier Castaneda
|
0-0: Ball 1-0: Foul Ball, location: 2F 1-1: Ball 2-1: Foul Ball, location: 2F 2-2: Foul Ball, location: 2F 2-2: Strikes out swinging
|
|
Batting: RHB Dan Muse
|
0-0: Foul Ball, location: 2F 0-1: Ball 1-1: Foul Ball, location: 2F 1-2: Ground out 6-3 (Groundball, 6M, EV 113.8 MPH)
|
|
Batting: RHB Rick English
|
0-0: Ball 1-0: Called Strike 1-1: Called Strike 1-2: Strikes out swinging
|
| Top of the 11th over - 0 runs, 0 hits, 0 errors, 0 left on base; Ohio State University 2 - University of Michigan 2 |
| BOTTOM OF THE 11TH |
|
University of Michigan Wolverines batting - Pitching for Ohio State University Buckeyes : RHP Victor Padilla
|
|
Batting: LHB Mark Backstrom
|
0-0: Foul Ball, location: 2F 0-1: Ball 1-1: Ball 2-1: Foul Ball, location: 2F 2-2: Fly out, F8 (Line Drive, 8RD, EV 91.9 MPH)
|
|
Batting: RHB Tim Cordle
|
0-0: Called Strike 0-1: Ground out 6-3 (Groundball, 6, EV 100.6 MPH)
|
|
Batting: RHB Cesar Martinez
|
0-0: Ball 1-0: DOUBLE (Flyball, 89D, EV 106.9 MPH)
|
|
Batting: LHB Greg Reedy
|
0-0: Ball 1-0: Called Strike 1-1: Called Strike 1-2: Ball 2-2: Foul Ball, location: 2F 2-2: Strikes out looking
|
| Bottom of the 11th over - 0 runs, 1 hit, 0 errors, 1 left on base; Ohio State University 2 - University of Michigan 2 |
| TOP OF THE 12TH |
|
Ohio State University Buckeyes batting - Pitching for University of Michigan Wolverines : RHP Sam Drews
|
|
Pitching: LHP Darius Brown
|
|
|
Batting: LHB Alex Rivera
|
0-0: Ground out 4-3 (Groundball, 34, EV 110.0 MPH)
|
|
Batting: RHB Aaron Bateman
|
0-0: Ball 1-0: Ground out U3 (Groundball, 3L, EV 100.6 MPH)
|
|
Batting: RHB Aukukero Tairi
|
0-0: Called Strike 0-1: Fly out, F8 (Flyball, 8RM, EV 87.5 MPH)
|
| Top of the 12th over - 0 runs, 0 hits, 0 errors, 0 left on base; Ohio State University 2 - University of Michigan 2 |
| BOTTOM OF THE 12TH |
|
University of Michigan Wolverines batting - Pitching for Ohio State University Buckeyes : RHP Victor Padilla
|
|
Batting: LHB Cory Bowler
|
0-0: Called Strike 0-1: Ball 1-1: Swinging Strike 1-2: Ground out U3 (Groundball, 3, EV 99.4 MPH)
|
|
Batting: RHB Artyom Shavkunov
|
0-0: Called Strike 0-1: Ball 1-1: Foul Ball, location: 2F 1-2: Ball 2-2: Foul Ball, location: 2F 2-2: Ground out 4-3 (Groundball, 34, EV 90.6 MPH)
|
|
Batting: LHB Yasutoshi Hayashi
|
0-0: Ball 1-0: Foul Ball, location: 2F 1-1: Foul Ball, location: 2F 1-2: Ball 2-2: Ball 3-2: Foul Ball, location: 2F 3-2: SINGLE (Groundball, 34D, EV 94.4 MPH)
|
|
Batting: RHB Armando Vilano
|
0-0: Fly out, F7 (Flyball, 78S, EV 90.6 MPH)
|
| Bottom of the 12th over - 0 runs, 1 hit, 0 errors, 1 left on base; Ohio State University 2 - University of Michigan 2 |
| TOP OF THE 13TH |
|
Ohio State University Buckeyes batting - Pitching for University of Michigan Wolverines : LHP Darius Brown
|
|
Batting: SHB Jesus Gomez
|
0-0: Ball 1-0: Ball 2-0: Ball 3-0: Foul Ball, location: 2F 3-1: Called Strike 3-2: Foul Ball, location: 2F 3-2: Strikes out swinging
|
|
Pinch Hitting: SHB David Garnica
|
0-0: Called Strike 0-1: Ball 1-1: Ball 2-1: Ball 3-1: SINGLE (Line Drive, 8RS, EV 91.2 MPH)
|
|
Batting: RHB Joey Black
|
0-0: Called Strike 0-1: Ball 1-1: Ball 2-1: Swinging Strike 2-2: Foul Ball, location: 2F 2-2: Strikes out swinging
|
|
Batting: RHB Xavier Castaneda
|
0-0: Ball 1-0: Called Strike 1-1: Swinging Strike 1-2: Foul Ball, location: 2F 1-2: Strikes out swinging
|
| Top of the 13th over - 0 runs, 1 hit, 0 errors, 1 left on base; Ohio State University 2 - University of Michigan 2 |
| BOTTOM OF THE 13TH |
|
University of Michigan Wolverines batting - Pitching for Ohio State University Buckeyes : RHP Victor Padilla
|
|
Now at 1B: David Garnica
|
|
|
Batting: RHB Phil Reeves
|
0-0: Called Strike 0-1: Called Strike 0-2: Ball 1-2: Ball 2-2: Strikes out swinging
|
|
Batting: LHB Mark Backstrom
|
0-0: Ball 1-0: Called Strike 1-1: Ball 2-1: Foul Ball, location: 2F 2-2: Ball 3-2: DOUBLE (Line Drive, 78D, EV 114.4 MPH)
|
|
Pitching: LHP Ian Tamburrino
|
|
|
Batting: RHB Tim Cordle
|
0-0: Foul Ball, location: 2F 0-1: Ball 1-1: Ground out 5-3 (Groundball, 56S, EV 86.9 MPH)
|
|
Batting: RHB Cesar Martinez
|
0-0: Intentional Walk
|
|
Pinch Hitting: RHB Ryan Criollo
|
0-0: Ball 1-0: Ball 2-0: Ball 3-0: Base on Balls Mark Backstrom to third Cesar Martinez to second
|
|
Batting: LHB Cory Bowler
|
0-0: Foul Ball, location: 2F 0-1: Ball 1-1: Swinging Strike 1-2: Strikes out swinging
|
| Bottom of the 13th over - 0 runs, 1 hit, 0 errors, 3 left on base; Ohio State University 2 - University of Michigan 2 |
| TOP OF THE 14TH |
|
Ohio State University Buckeyes batting - Pitching for University of Michigan Wolverines : LHP Darius Brown
|
|
Now at C: Artyom Shavkunov
|
|
|
Now at 1B: Ryan Criollo
|
|
|
Batting: RHB Dan Muse
|
0-0: Ball 1-0: Called Strike 1-1: Ball 2-1: Fly out, F8 (Flyball, 89D, EV 101.2 MPH)
|
|
Pitching: RHP Loc Pham
|
|
|
Batting: RHB Rick English
|
0-0: Called Strike 0-1: Called Strike 0-2: DOUBLE (Flyball, 8RXD, EV 98.8 MPH)
|
|
Batting: LHB Alex Rivera
|
0-0: Intentional Walk
|
|
Batting: RHB Aaron Bateman
|
0-0: Ball 1-0: Grounds into double play, 4-6-3 (Groundball, 4, EV 81.2 MPH)
|
| Top of the 14th over - 0 runs, 1 hit, 0 errors, 1 left on base; Ohio State University 2 - University of Michigan 2 |
| BOTTOM OF THE 14TH |
|
University of Michigan Wolverines batting - Pitching for Ohio State University Buckeyes : LHP Ian Tamburrino
|
|
Batting: RHB Artyom Shavkunov
|
0-0: Foul Ball, location: 2F 0-1: Foul Ball, location: 2F 0-2: SINGLE (Line Drive, 8LS, EV 113.8 MPH)
|
|
Batting: LHB Yasutoshi Hayashi
|
0-0: Ball 1-0: Ball 2-0: Sac Bunt to P - play at first, batter OUT! 1-4 Artyom Shavkunov to second
|
|
Batting: RHB Armando Vilano
|
0-0: Ball 1-0: Ball 2-0: Called Strike 2-1: Foul Ball, location: 2F 2-2: Ball 3-2: Foul Ball, location: 2F 3-2: Base on Balls
|
|
Batting: RHB Phil Reeves
|
0-0: Called Strike 0-1: Swinging Strike 0-2: Ball 1-2: Ball 2-2: Strikes out swinging
|
|
Batting: LHB Mark Backstrom
|
0-0: Ball 1-0: Called Strike 1-1: Swinging Strike 1-2: Foul Ball, location: 2F 1-2: Ball 2-2: Strikes out swinging
|
| Bottom of the 14th over - 0 runs, 1 hit, 0 errors, 2 left on base; Ohio State University 2 - University of Michigan 2 |
| TOP OF THE 15TH |
|
Ohio State University Buckeyes batting - Pitching for University of Michigan Wolverines : RHP Loc Pham
|
|
Batting: RHB Aukukero Tairi
|
0-0: Swinging Strike 0-1: Swinging Strike 0-2: Strikes out looking
|
|
Batting: SHB Jesus Gomez
|
0-0: Ball 1-0: Called Strike 1-1: Foul Ball, location: 2F 1-2: Foul Ball, location: 2F 1-2: Strikes out swinging
|
|
Batting: SHB David Garnica
|
0-0: Called Strike 0-1: SINGLE (Groundball, 6D, EV 98.8 MPH)
|
|
Batting: RHB Joey Black
|
0-0: Called Strike 0-1: Ball 1-1: Foul Ball, location: 2F 1-2: Foul Ball, location: 2F 1-2: Ball 2-2: Fly out, F2 (Popup, 2LF, EV 91.9 MPH)
|
| Top of the 15th over - 0 runs, 1 hit, 0 errors, 1 left on base; Ohio State University 2 - University of Michigan 2 |
| BOTTOM OF THE 15TH |
|
University of Michigan Wolverines batting - Pitching for Ohio State University Buckeyes : LHP Ian Tamburrino
|
|
Batting: RHB Tim Cordle
|
0-0: Ground out 5-3 (Groundball, 5, EV 91.2 MPH)
|
|
Batting: RHB Cesar Martinez
|
0-0: Called Strike 0-1: Foul Ball, location: 2F 0-2: Ball 1-2: Strikes out swinging
|
|
Batting: RHB Ryan Criollo
|
0-0: Ball 1-0: SINGLE (Groundball, 5S, EV 74.4 MPH) (infield hit)
|
|
Pitching: RHP Marty Nelson
|
|
|
Batting: LHB Cory Bowler
|
0-0: SINGLE (Groundball, 6S, EV 64.4 MPH) (infield hit) Ryan Criollo to second
|
|
Batting: RHB Artyom Shavkunov
|
0-0: Ball 1-0: Called Strike 1-1: Fly out, F7 (Line Drive, 7, EV 85.6 MPH)
|
| Bottom of the 15th over - 0 runs, 2 hits, 0 errors, 2 left on base; Ohio State University 2 - University of Michigan 2 |
| TOP OF THE 16TH |
|
Ohio State University Buckeyes batting - Pitching for University of Michigan Wolverines : RHP Loc Pham
|
|
Batting: RHB Xavier Castaneda
|
0-0: Ball 1-0: Ball 2-0: Called Strike 2-1: Called Strike 2-2: Strikes out looking
|
|
Batting: RHB Dan Muse
|
0-0: Called Strike 0-1: SINGLE (Groundball, 4MS, EV 86.9 MPH) (infield hit)
|
|
Batting: RHB Rick English
|
0-0: Ball 1-0: Ball Dan Muse steals 2nd base 2-0: Ball 3-0: Base on Balls
|
|
Batting: LHB Alex Rivera
|
0-0: Ball 1-0: Called Strike 1-1: Swinging Strike 1-2: Ball 2-2: Foul Ball, location: 2F 2-2: Ball 3-2: Foul Ball, location: 2F 3-2: Reached on error, E4 (Groundball, 4, EV 110.0 MPH) Dan Muse to third Rick English to second
|
|
Batting: RHB Aaron Bateman
|
0-0: Grounds into fielders choice 6-2 (Groundball, 6, EV 86.9 MPH) Rick English to third Alex Rivera to second
|
|
Batting: RHB Aukukero Tairi
|
0-0: Ball 1-0: Ball 2-0: Swinging Strike 2-1: Foul Ball, location: 2F 2-2: Foul Ball, location: 2F 2-2: Fly out, F4 (Popup, 4S, EV 71.9 MPH)
|
| Top of the 16th over - 0 runs, 1 hit, 1 error, 3 left on base; Ohio State University 2 - University of Michigan 2 |
| BOTTOM OF THE 16TH |
|
University of Michigan Wolverines batting - Pitching for Ohio State University Buckeyes : RHP Marty Nelson
|
|
Batting: LHB Yasutoshi Hayashi
|
0-0: Called Strike 0-1: Swinging Strike 0-2: Ball 1-2: Ball 2-2: Ball 3-2: Base on Balls
|
|
Batting: RHB Armando Vilano
|
0-0: Fly out, F9 (Line Drive, 9, EV 91.2 MPH)
|
|
Batting: RHB Phil Reeves
|
0-0: Ball Wild Pitch! Yasutoshi Hayashi to second 1-0: Foul Ball, location: 2F 1-1: Foul Ball, location: 2F 1-2: Foul Ball, location: 2F 1-2: Fly out, F9 (Flyball, 9, EV 86.2 MPH)
|
|
Batting: LHB Mark Backstrom
|
0-0: Called Strike 0-1: Swinging Strike 0-2: Ball 1-2: Ball 2-2: Foul Ball, location: 2F 2-2: Foul Ball, location: 2F 2-2: Ball 3-2: DOUBLE (Flyball, 78D, EV 100.6 MPH) Yasutoshi Hayashi scores
|
| Bottom of the 16th over - 1 run, 1 hit, 0 errors, 0 left on base; Ohio State University 2 - University of Michigan 3 |
| |
|
Game Over ... University of Michigan defeats Ohio State University, 3 to 2
|
|
|